 Dungeon Crawl Stone Soup version 0.27-a0-1200-g94dc6ad4cf (webtiles) character file.

Game seed: 10936445924149072817

65 senseless the Conjurer (level 3, -5/26 HPs)
             Began as a Draconian Conjurer on June 1, 2021.
             Killed by divine providence
             ... invoked by an orc priest
              (12 damage)
             ... on level 3 of the Dungeon.
             The game lasted 00:06:21 (3376 turns).

senseless the Conjurer (Draconian Conjurer)         Turns: 3376, Time: 00:06:22

Health: -5/26      AC:  5    Str:  9    XL:     3   Next: 94%
Magic:  1/6        EV: 12    Int: 19    God:
Gold:   119        SH:  0    Dex:  9    Spells: 3/6 levels left

rFire    . . .     SeeInvis .   c - staff of earth
rCold    . . .     Faith    .   (no shield)
rNeg     . . .     Spirit   .   (armour unavailable)
rPois    .         Reflect  .   (helmet restricted)
rElec    .         Harm     .   (no cloak)
rCorr    .         Rampage  .   (no gloves)
Will     .....                  (no boots)
Stlth    ++........             (no amulet)
HPRegen  0.08/turn              (no ring)
MPRegen  0.10/turn              (no ring)

@: no status effects
A: AC +5, unfitting armour, cold-blooded
a: no special abilities


You were on level 3 of the Dungeon.
You visited 1 branch of the dungeon, and saw 3 of its levels.

You collected 119 gold pieces.

Inventory:

Hand Weapons
 f - a +1 hand axe of distortion
Magical Staves
 c - a staff of earth (weapon)
Scrolls
 e - a scroll of fog
 i - a scroll of fear
Potions
 a - a potion of curing {unknown}
 d - a potion of attraction
 h - a potion of flight
 j - a potion of cancellation {unknown}
 k - a potion of ambrosia {unknown}


   Skills:
 + Level 2.2 Dodging
 + Level 1.9 Stealth
 + Level 0.3 Unarmed Combat
 + Level 2.4 Spellcasting
 + Level 4.9 Conjurations


You had 3 spell levels left.
You knew the following spells:

 Your Spells              Type           Power      Damage    Failure   Level
a - Magic Dart            Conj           84%        1d7       1%          1
b - Searing Ray           Conj           42%        3d4       3%          2

Your spell library contained the following spells:

 Spells                   Type           Power      Damage    Failure   Level
 Dazzling Flash           Conj/Hex       22%        N/A       17%         3
 Fulminant Prism          Conj/Hex       5%         3d7       50%         4
 Iskenderun's Mystic Bla  Conj/Tloc      11%        2d4       50%         4


Dungeon Overview and Level Annotations

Branches:
Dungeon (3/15)

Altars:
Zin

Annotations:
D:3 Jessica, Sigmund


Innate Abilities, Weirdness & Mutations

Your plain brown scales are hard. (AC +5)
You cannot fit into any form of body armour.
You are cold-blooded and may be slowed by cold attacks.


Message History

You start resting.
Your transformation has ended.
Your staff of earth unmelds from your body.
You start resting.
Magic restored.
There is a stone staircase leading down here.
You climb downwards.
Level annotation: Jessica, Sigmund
There is a stone staircase leading up here.
An orc priest is nearby!
The magic dart hits the orc priest.
The orc priest is moderately wounded.
The orc priest shouts!
The magic dart hits the orc priest but does no damage.
The orc priest is moderately wounded.
The magic dart hits the orc priest.
The orc priest is severely wounded.
The orc priest calls down the wrath of Beogh upon you.
Beogh smites you!
Ouch! That really hurt!
You are too injured to fight recklessly!
Casting: Magic Dart (safe; 1% risk of failure)
Confirm with . or Enter, or press ? or * to list all spells.
Aiming: Magic Dart (safe; 1% risk of failure)
Press: ? - help, Shift-Dir - straight line, f/p - orc priest
Aim: an orc priest, wielding a +0 war axe (severely wounded, 100% to hit)
The magic dart hits the orc priest.
The orc priest is almost dead.
The orc priest hits you with a +0 war axe.
* * * LOW HITPOINT WARNING * * *
Casting: Magic Dart (safe; 1% risk of failure)
Confirm with . or Enter, or press ? or * to list all spells.
Aiming: Magic Dart (safe; 1% risk of failure)
Press: ? - help, Shift-Dir - straight line, f/p - orc priest
Aim: an orc priest, wielding a +0 war axe (almost dead, 100% to hit)
The magic dart hits the orc priest.
The orc priest is almost dead.
The orc priest mumbles some strange prayers to Beogh against you.
Beogh smites you!
You die...

###### #....# #....#
#....# ##.
#####....##########....
##............<......#
...###..........@o.###
#### #.......#####.#
#....##....# .. #
#....#####.# ## #
###### # ##### ....##
###o.# # ##.##


You could see an orc priest.

Vanquished Creatures
  2 dart slugs
  4 orcs
  3 endoplasms
  4 giant cockroaches
  4 goblins
  8 hobgoblins
  3 jackals (D:1)
  2 quokkas
  4 ball pythons
  7 bats
  3 frilled lizards
  4 kobolds
  4 rats
52 creatures vanquished.

Notes
Turn   | Place    | Note
-------+----------+-------------------------------------------
     0 | D:1      | senseless the Draconian Conjurer began the quest for the
                  | Orb.
     0 | D:1      | Reached XP level 1. HP: 14/14 MP: 3/3
   437 | D:1      | Reached XP level 2. HP: 20/20 MP: 1/5
   992 | D:1      | Learned a level 2 spell: Searing Ray
  1440 | D:1      | Reached XP level 3. HP: 26/26 MP: 3/6
  1632 | D:2      | Found a glowing silver altar of Zin.
  2783 | D:3      | Noticed Jessica
  3314 | D:3      | Noticed Sigmund
  3376 | D:3      | Killed from afar by an orc priest

Illustrated notes

Levels and vault maps discovered:
D:1:      dpeg_arrival_brainrot, layout_basic, minmay_misc_feat_cross,
          minmay_split_cup_large
D:2:      layout_loops_corners, basic_altar
D:3:      layout_rooms, grunt_qazlal_clouds, uniq_jessica, uniq_sigmund

Skill      XL: |  1  2 |
---------------+-------+-----
Dodging        | 2 |  2.2
Stealth        | |  1.9
Unarmed Combat | |  0.3
Spellcasting   | |  2.4
Conjurations   | |  4.9

Action                   || total
-------------------------++-------
Melee: Unarmed           ||    27
       Staff             ||    26
       Tailslap          ||     1
 Cast: Magic Dart        ||   119
  Use: Scroll            ||     9
Armor: Skin              ||    30
Dodge: Dodged            ||    61

Table legend: (Time is in decaauts)
 A = Elapsed time spent in this place.
 B = Non-inter-level travel time spent in this place.
 C = Inter-level travel time spent in this place.
 D = Time resting spent in this place.
 E = Time spent auto-exploring this place.
 F = Levels seen in this place.
 G = Mean time per level.
                   A        B        C        D        E       F      G
               +--------+--------+--------+--------+--------+-----+--------+
         Total |   3387 |   3322 |     65 |    569 |   2394 |   3 | 1129.0 |
       Dungeon |   3387 |   3322 |     65 |    569 |   2394 |   3 | 1129.0 |
               +--------+--------+--------+--------+--------+-----+--------+

Top non-repeatable levels by time:
     D:1: 1635 daAuts
     D:2: 1498 daAuts
     D:3: 253 daAuts
